 Dungeon Crawl Stone Soup version 0.27-a0-1291-geefcff550b (webtiles) character file.

Game seed: 2748197095805543555

321 Lanoc the Chiller (level 6, -2/24 HPs)
             Began as a Felid Ice Elementalist on June 11, 2021.
             Was a Plaything of Xom.
             Succumbed to a scorpion's poison
             ... on level 5 of the Dungeon on June 15, 2021.
             The game lasted 00:10:28 (4742 turns).

Lanoc the Chiller (Felid Ice Elementalist)          Turns: 4742, Time: 00:10:28

Health: -2/24      AC:  2    Str:  2    XL:     6   Next: 22%
Magic:  7/10       EV: 20    Int: 18    God:    Xom [......]
Gold:   273        SH:  0    Dex: 17    Spells: 2/9 levels left
                                        Lives:  0   Deaths: 1

rFire    . . .     SeeInvis +   (weapon unavailable)
rCold    . . .     Faith    .   (shield unavailable)
rNeg     . . .     Spirit   .   (armour unavailable)
rPois    .         Reflect  .   (helmet unavailable)
rElec    .         Harm     .   (cloak unavailable)
rCorr    .         Rampage  .   (gloves unavailable)
Will     .....                  (boots unavailable)
Stlth    ++........             m - amulet of magic regeneration
HPRegen  0.08/turn              (no ring)
MPRegen  0.37/turn              (no ring)

@: lethally poisoned (-2 -> -17), attractive, quick
A: very small, claws 1, fangs 3, see invisible, speed 1, shaggy fur 2, stealthy
paws, no weapons or thrown items, no armour, multi-lived, weak 1
a: Renounce Religion


You were on level 5 of the Dungeon.
You worshipped Xom.
You were a very special plaything of Xom.
You visited 1 branch of the dungeon, and saw 5 of its levels.

You collected 273 gold pieces.

Inventory:

Jewellery
 m - an amulet of magic regeneration (around neck)
 q - the ring "Ucauti" {rElec Will+ MP-9 Dex+6}
   (You found it on level 4 of the Dungeon)

   [ring of dexterity]

   It affects your dexterity (+6).
   It insulates you from electricity.
   It affects your magic capacity (-9).
   It increases your willpower.
Wands
 k - a wand of polymorph (6)
 o - a wand of iceblast (8)
Scrolls
 c - 2 scrolls of noise {unknown}
 d - 7 scrolls of identify {unknown}
 e - a scroll of torment {unknown}
 g - 3 scrolls of teleportation {unknown}
 h - 2 scrolls of enchant weapon {unknown}
 j - a scroll of vulnerability {unknown}
 p - a scroll of magic mapping {unknown}
Potions
 a - a potion of attraction
 b - a potion of resistance {unknown}
 f - 2 potions of curing {unknown}
 i - a potion of heal wounds {unknown}
 l - a potion of mutation {unknown}
 n - a potion of might {unknown}


   Skills:
 + Level 5.9 Dodging
 - Level 2.6 Stealth
 - Level 2.0 Spellcasting
 * Level 6.5 Ice Magic


You had 2 spell levels left.
You knew the following spells:

 Your Spells              Type           Power      Damage    Failure   Level
a - Freeze                Ice            100%       1d11      1%          1
b - Frozen Ramparts       Ice            50%        1d7       3%          3
c - Ozocubu's Armour      Ice            25%        N/A       3%          3

Your spell library contained the following spells:

 Spells                   Type           Power      Damage    Failure   Level
 Beastly Appendage        Tmut           2%         N/A       19%         1
 Wereblood                Tmut           1%         N/A       26%         2
 Hailstorm                Conj/Ice       13%        3d5       43%         4
 Ice Form                 Ice/Tmut       13%        N/A       43%         4
 Spider Form              Tmut/Pois      0%         N/A       47%         3
 Metabolic Englaciation   Hex/Ice        6%         N/A       78%         5


Dungeon Overview and Level Annotations

Branches:
Dungeon (5/15)
 Temple: D:4-7

Altars:
Dithmenos
Elyvilon
Ru
Trog
Xom


Innate Abilities, Weirdness & Mutations

You have sharp claws.
You have razor-sharp teeth.
You have supernaturally acute eyesight. (SInv)
You cover ground quickly. (Speed+)
You are covered in thick fur. (AC +2)
Your paws help you pounce on unaware monsters.
You are incapable of wielding weapons or throwing items.
You cannot wear armour.
You gain extra lives every three experience levels.
You are weak. (Str -2)


Message History

[Y]es or [N]o only, please.
The spell is quite dangerous to cast (4% risk of failure)!
Continue anyway?
Casting: Frozen Ramparts (quite dangerous; 4% risk of failure)
Press: ? - help, Dir - look around, f - activate The walls around you are covered in ice.
The wall freezes the scorpion.
You closely miss the scorpion.
The scorpion is lightly wounded.
The wall freezes the scorpion.
The scorpion misses you.
You closely miss the scorpion.
The scorpion is moderately wounded.
The wall freezes the scorpion.
The scorpion stings you.
You are poisoned.
The scorpion poisons you!
You scratch the scorpion.
The scorpion is heavily wounded.
You feel very sick.
The wall freezes the scorpion.
The scorpion stings you.
You are lethally poisoned!
The scorpion poisons you!
The wall freezes the scorpion.
The scorpion misses you.
Casting: Frozen Ramparts (quite dangerous; 4% risk of failure)
Confirm with . or Enter, or press ? or * to list all spells.
Aiming: Freeze (safe; 1% risk of failure)
Press: ? - help, Shift-Dir - straight line, f - scorpion
Aim: a scorpion (almost dead)
You freeze the scorpion.
You kill the scorpion!
* * * LOW HITPOINT WARNING * * *
You feel very sick.
Welcome back to level 6!
The frozen ramparts melt away as you move.
* * * LOW HITPOINT WARNING * * *
You feel very sick.
* * * LOW HITPOINT WARNING * * *
You feel very sick.
It was a potion of attraction.
You feel attractive to monsters.
You die...
Xom chuckles heartily!

#######.......#
###.......#+#...#
#...#####.#.....+
##.#.#.....##....######.#
........#####...........#
.##++##..# #.....#......$
#..# #.....#.#####.
#..######+#.#.#
#..@......#.###.#
#†###...........# #..
.#.##...##### ..##
#......# #### #....#.####
##......<.# #..##....#
#..#.........
...>#.##+#.##..


There were no monsters in sight!

Vanquished Creatures
  A scorpion (D:5)
  Jessica (D:3)
  Terence (D:2)
  2 iguanas
  A hound skeleton (D:4)
  Robin (D:2)
  7 adders
  5 gnolls
  2 adder skeletons
  A worm (D:2)
  A dart slug (D:1)
  3 orcs
  9 endoplasms
  2 giant cockroaches
  10 hobgoblins
  10 jackals
  12 kobolds
  A quokka (D:1)
  13 ball pythons
  9 bats
  3 frilled lizards
  20 goblins
  7 rats
122 creatures vanquished.

Vanquished Creatures (collateral kills)
  A phantom (D:4)
1 creature vanquished.

Vanquished Creatures (others)
  3 fungi (D:1)
  4 plants (D:3)
7 creatures vanquished.

Grand Total: 130 creatures vanquished

Notes
Turn   | Place    | Note
-------+----------+-------------------------------------------
     0 | D:1      | Lanoc the Felid Ice Elementalist began the quest for the
                  | Orb.
     0 | D:1      | Reached XP level 1. HP: 7/7 MP: 4/4
   499 | D:1      | Reached XP level 2. HP: 10/11 MP: 3/6
   569 | D:1      | Reached skill level 4 in Ice Magic
   718 | D:1      | Found a faded altar of an unknown god.
   783 | D:1      | Became a worshipper of Xom of Bloodstained Whimsey
  1011 | D:1      | Reached XP level 3. HP: 14/14 MP: 0/7
  1320 | D:2      | Noticed Robin
  1326 | D:1      | XOM: noise
  1425 | D:1      | Learned a level 3 spell: Frozen Ramparts
  1580 | D:2      | XOM: butterfly on damage
  1584 | D:2      | XOM: butterfly on damage
  1585 | D:2      | Killed Robin
  1586 | D:2      | Reached XP level 4. HP: 11/18 MP: 2/8
  1897 | D:2      | Noticed Terence
  1902 | D:2      | Killed Terence
  1903 | D:2      | Reached skill level 5 in Ice Magic
  1990 | D:2      | Reached XP level 5. HP: 21/21 MP: 5/9
  1991 | D:2      | XOM: butterfly on damage
  2310 | D:2      | XOM: silly message
  2420 | D:2      | XOM: give mutation
  2420 | D:2      | Gained mutation: You are weak. (Str -2) [Xom's mischief]
  2565 | D:2      | Learned a level 3 spell: Ozocubu's Armour
  2960 | D:3      | XOM: noise
  2960 | D:3      | Noticed Jessica
  2962 | D:3      | XOM: torment (12/21 hp)
  2966 | D:3      | Killed Jessica
  2967 | D:3      | Reached skill level 5 in Dodging
  3052 | D:3      | Found a bloodstained altar of Trog.
  3056 | D:3      | Found a sacrificial altar of Ru.
  3059 | D:3      | Found a white marble altar of Elyvilon.
  3153 | D:3      | XOM: 2-stop teleportation journey
  3160 | D:3      | XOM: smoke on damage
  3168 | D:3      | Gained mutation: You are covered in thick fur. (AC +2)
                  | [Felid growth]
  3168 | D:3      | Reached XP level 6. HP: 19/24 MP: 7/10
  3492 | D:4      | XOM: noise
  3635 | D:4      | Reached skill level 6 in Ice Magic
  3659 | D:4      | XOM: noise
  3731 | D:4      | XOM: summons 1 hostile demon
  3762 | D:4      | XOM: confuse monster(s)
  3764 | D:4      | XOM: noise
  3765 | D:4      | XOM: cast spell 'Summon Ice Beast'
  3792 | D:4      | Slain by a water moccasin zombie
  3793 | D:4      | Reached XP level 5. HP: -1/21 MP: 7/9
  3818 | D:4      | Upgraded the game from 0.27-a0-1273-gec92ba881d to
                  | 0.27-a0-1291-geefcff550b
  3845 | D:4      | Found a shadowy altar of Dithmenos.
  4019 | D:4      | Identified the ring "Ucauti" {rElec Will+ MP-9 Dex+6}
  4197 | D:4      | Noticed a phantom
  4201 | D:4      | XOM: summons friendly crimson imp
  4237 | D:4      | XOM: summons 5 friendly demons
  4247 | D:4      | Killed a phantom
  4680 | D:5      | Entered Level 5 of the Dungeon
  4740 | D:5      | Reached XP level 6. HP: 7/24 MP: 6/10
  4741 | D:5      | HP: 1/24 [poisoned by a scorpion]
  4742 | D:5      | Succumbed to a scorpion's poison

Illustrated notes

Levels and vault maps discovered:
D:1:      dpeg_arrival_rhombi, layout_basic,
          shapermc_ecumenical_altar_mp_urbaneastern, minmay_split_cup_large
D:2:      layout_loops_ring, uniq_robin, uniq_terence
D:3:      minmay_diamond_boxcup, layout_rooms, minmay_overflow_temple_star_quad,
          serial_bayou_pond_c, hangedman_feature_mirror, uniq_jessica
D:4:      layout_basic, nicolae_overflow_crystal_walls, solitary_fountain,
          kennysheep_nondescript
D:5:      layout_basic, general_overflow_altar

Skill      XL: |  1  2  3  4  5  6 |
---------------+-------------------+-----
Dodging        | 3 4 5 |  5.9
Ice Magic      | 4 5 6 |  6.5
Stealth        | |  2.6
Spellcasting   | |  2.0

Action                   |  1- 3 |  4- 6 || total
-------------------------+-------+-------++-------
Melee: Unarmed           |    57 |    99 ||   156
       Bite              |     4 |     8 ||    12
 Cast: Freeze            |    72 |    61 ||   133
       Frozen Ramparts   |       |    21 ||    21
  Use: Potion            |       |     1 ||     1
 Stab: Distracted        |     1 |       ||     1
       Sleeping          |       |     1 ||     1
Armor: Skin              |     3 |     7 ||    10
Dodge: Dodged            |   126 |   170 ||   296

Table legend: (Time is in decaauts)
 A = Elapsed time spent in this place.
 B = Non-inter-level travel time spent in this place.
 C = Inter-level travel time spent in this place.
 D = Time resting spent in this place.
 E = Time spent auto-exploring this place.
 F = Levels seen in this place.
 G = Mean time per level.
                   A        B        C        D        E       F      G
               +--------+--------+--------+--------+--------+-----+--------+
         Total |   4269 |   4207 |     62 |    192 |   3168 |   5 |  853.8 |
       Dungeon |   4269 |   4207 |     62 |    192 |   3168 |   5 |  853.8 |
               +--------+--------+--------+--------+--------+-----+--------+

Top non-repeatable levels by time:
     D:1: 1446 daAuts
     D:4: 1055 daAuts
     D:2: 1008 daAuts
     D:3: 705 daAuts
     D:5: 53 daAuts
